 Dungeon Crawl Stone Soup version 0.25-a0-388-g41a7e554cb (webtiles) character file.

Game seed: 9648710579365681258, levelgen mode: deterministic

85 Borgoz the Cudgeler (level 4, -1/28 HPs)
             Began as a Gargoyle Gladiator on Jan 7, 2020.
             Slain by a crocodile (11 damage)
             ... on level 3 of the Dungeon.
             The game lasted 00:02:04 (2291 turns).

Borgoz the Cudgeler (Gargoyle Gladiator)            Turns: 2291, Time: 00:02:04

Health: -1/28      AC: 14    Str: 18    XL:     4   Next: 48%
Magic:  4/4        EV: 12    Int:  8    God:
Gold:   151        SH:  0    Dex: 12    Spells: 3/3 levels left

rFire    . . .     SeeInvis .   a - +0 flail
rCold    . . .     Gourm    .   (no shield)
rNeg     + . .     Faith    .   p - +0 ring mail
rPois    ∞         Spirit   .   c - +0 helmet
rElec    +         Reflect  .   q - +0 cloak
rCorr    .         Harm     .   k - +2 pair of gloves
MR       .....                  (no boots)
Stlth    +.........             (no amulet)
HPRegen  0.09/turn              (no ring)
MPRegen  0.09/turn              (no ring)

@: no status effects
A: negative energy resistance 1, electricity resistance, unbreathing,
petrification resistance, rot immunity, AC +3
a: no special abilities


You were on level 3 of the Dungeon.
You were not hungry.

You visited 1 branch of the dungeon, and saw 3 of its levels.

You collected 151 gold pieces.

Inventory:

Hand Weapons
 a - a +0 flail (weapon)
Missiles
 d - 4 throwing nets (quivered)
Armour
 c - a +0 helmet (worn)
 k - a +2 pair of gloves (worn)
 p - a +0 ring mail (worn)
 q - a +0 cloak (worn)
Scrolls
 e - a scroll of teleportation {unknown}
 j - a scroll of immolation {unknown}
 n - a scroll of random uselessness {unknown}
 o - 3 scrolls of remove curse {unknown}
Potions
 g - a potion of degeneration {unknown}
 h - a potion of heal wounds {unknown}
 i - a potion of invisibility {unknown}
 l - a potion of lignification {unknown}
 r - a potion of flight {unknown}
Comestibles
 f - 5 rations
 m - 9 chunks of flesh


   Skills:
 + Level 3.0 Fighting
 * Level 4.0 Maces & Flails
 - Level 1.7 Throwing
 + Level 1.6 Armour
 + Level 2.8 Dodging


You had 3 spell levels left.
You didn't know any spells.
Your spell library was empty.

Dungeon Overview and Level Annotations

Branches:
Dungeon (3/15)

Altars:
Gozag
Zin


Innate Abilities, Weirdness & Mutations

You are resistant to torment.
Your stone body is resilient. (AC +3)
You are immune to poison.
You resist negative energy. (rN+)
You are resistant to electric shocks. (rElec)
You can survive without breathing.
You are immune to petrification.
You are immune to rotting.


Message History

The adder hisses angrily.
The crocodile bites you. The crocodile barely misses you.
You hit the crocodile.
The crocodile is severely wounded.
The crocodile closely misses you.
You closely miss the crocodile.
The crocodile is severely wounded.
The crocodile bites you!
You hit the crocodile.
The crocodile is severely wounded.
The crocodile misses you.
You hit the crocodile.
The crocodile is almost dead.
The crocodile barely misses you.
It was a potion of cancellation.
You feel magically purged. The crocodile misses you.
You hit the crocodile but do no damage.
The crocodile is almost dead.
The crocodile bites you!
You die...

..# #......# #.#
#......# #.## #......#
###..##### ##......#
.........####.......#
...........(........###
.
...........÷..#####...#
..
.<.......####.#######.#
... .........#
#...@to{#.# ...
.........#
#######oo.### ..#
.........# ##....#..#
.........#
######.#...###
.....>...#
....t..o......#
............
.######.##.......
#####)#...... ....
....... ######### ####.
..$.... ..>......


You could see a crocodile and 3 orcs.

Vanquished Creatures
  3 adders (D:2)
  A worm (D:2)
  A dart slug (D:2)
  5 bats
  2 giant cockroaches
  6 goblins
  7 hobgoblins
  8 jackals
  3 frilled lizards (D:1)
  5 kobolds
  10 rats
51 creatures vanquished.

Notes
Turn   | Place    | Note
-------+----------+-------------------------------------------
     0 | D:1      | Borgoz the Gargoyle Gladiator began the quest for the Orb.
     0 | D:1      | Reached XP level 1. HP: 12/12 MP: 1/1
   431 | D:1      | Reached XP level 2. HP: 18/18 MP: 2/2
   998 | D:1      | Reached skill level 1 in Armour
  1010 | D:1      | Reached XP level 3. HP: 17/22 MP: 3/3
  1849 | D:2      | Reached XP level 4. HP: 27/27 MP: 4/4
  1957 | D:2      | Found an opulent altar of Gozag.
  1958 | D:2      | Found a glowing silver altar of Zin.
  2089 | D:2      | Found a faded altar of an unknown god.
  2237 | D:3      | Reached skill level 4 in Maces & Flails
  2266 | D:3      | Noticed a crocodile
  2291 | D:3      | Slain by a crocodile

Levels and vault maps discovered:
D:1:      dpeg_arrival_ternary, layout_basic
D:2:      layout_basic, grunt_temple_overflow_gold_and_silver,
          chequers_ecumenical_altar_grove, first_ration
D:3:      layout_rooms, lemuel_coloured_pillars_altar, old_standard_altar,
          uniq_terence, uniq_robin, uniq_sigmund

Skill      XL: |  1  2  3  4 |
---------------+-------------+-----
Armour         | 1 |  1.6
Fighting       | 3 |  3.0
Maces & Flails | 4 |  4.0
Throwing       | |  1.7
Dodging        | |  2.8

Action                   |  1- 3 |  4- 6 || total
-------------------------+-------+-------++-------
Melee: Flail             |   132 |    56 ||   188
  Use: Potion            |       |     1 ||     1
  Eat: Chunk             |     3 |     2 ||     5
Armor: Leather armour    |    52 |       ||    52
       Ring mail         |    35 |    35 ||    70
Dodge: Dodged            |   113 |    51 ||   164

Table legend:
 A = Non-vault XP
 B = Vault XP
 C = Vault XP percentage of total XP
 D = Non-vault monster count
 E = Vault monster count
 F = Vault count percentage of total count
                 A         B        C        D         E       F
            +---------+---------+-------+---------+---------+-------
      Total |     122 |       0 |   0.0 |      51 |       0 |   0.0
            +---------+---------+-------+---------+---------+-------
        D:1 |      39 |       0 |   0.0 |      26 |       0 |   0.0
        D:2 |      73 |       0 |   0.0 |      19 |       0 |   0.0
        D:3 |      10 |       0 |   0.0 |       6 |       0 |   0.0
            +---------+---------+-------+---------+---------+-------
